Map: [ESL] Hard Lead

Players

NiCe

  • Race: Protoss Protoss
  • League: Master
  • Spawn Location: 5:00

SHIN - Winner!

  • Race: Zerg Zerg
  • Spawn Location: 11:00

Event: IEM Katowice 2024

VOD

Have the link to the VOD?

Description

Time

  • Played on: Dec. 5, 2023, 4:41 a.m.
  • Length: 14:00

All games in this series

Show
View Real Time Build Order
Export as new Build Order

NiCe Protoss 

Build Orders: 1 Gate Expand, Oracle Opening 

Get SALT Encoding   

  12  0:00  Probe  
  13  0:12  Probe  
  14  0:20  Pylon  
  14  0:24  Probe  
  15  0:38  Probe (Chrono Boost)  
  15  0:40  Gateway  
  16  0:49  Assimilator, Probe (Chrono Boost)  
  17  0:54  Probe (Chrono Boost)  
  18  1:04  Probe  
  19  1:17  Probe  
  20  1:26  Nexus  
  20  1:36  Cybernetics Core  
  20  1:41  Assimilator  
  20  1:44  Probe  
  21  1:52  Pylon  
  21  1:56  Probe  
  22  2:06  Probe  
  23  2:10  Adept (Chrono Boost)  
  23  2:14  Probe  
  25  2:22  Stargate, Probe  
  27  2:32  Adept  
  27  2:34  Warp Gate  
  30  2:38  Probe (Chrono Boost)  
  30  2:44  Probe (Chrono Boost)  
  31  2:48  Probe (Chrono Boost)  
  33  2:51  Probe (Chrono Boost)  
  33  2:53  Probe (Chrono Boost)  
  34  3:02  Probe  
  34  3:04  Probe  
  36  3:09  Void Ray (Chrono Boost)  
  40  3:14  Probe  
  40  3:17  Probe  
  42  3:22  Gateway  
  42  3:26  Probe  
  44  3:36  Oracle (Chrono Boost)  
  46  3:44  Nexus  
  46  3:48  Pylon  
  46  3:55  Pylon  
  46  4:06  Probe (Chrono Boost)  
  46  4:07  Probe (Chrono Boost)  
  52  4:11  Assimilator  
  52  4:13  Void Ray, Assimilator  
  52  4:18  Probe (Chrono Boost)  
  52  4:23  Probe (Chrono Boost)  
  54  4:25  Pylon  
  54  4:26  Probe (Chrono Boost)  
  54  4:29  Pylon  
  54  4:30  Probe  
  56  4:31  Protoss Air Weapons Level 1 (Chrono Boost)  
  56  4:35  Probe  
  57  4:41  Forge  
  57  4:42  Probe (Chrono Boost)  
  58  4:49  Stargate  
  59  4:54  Probe x2 (Chrono Boost)  
  65  5:01  Probe (Chrono Boost)  
  65  5:02  Void Ray, Probe (Chrono Boost)  
  65  5:04  Shield Battery, Probe (Chrono Boost)  
  67  5:10  Probe (Chrono Boost)  
  68  5:19  Probe (Chrono Boost)  
  70  5:22  Probe (Chrono Boost)  
  70  5:24  Probe (Chrono Boost)  
  72  5:28  Probe (Chrono Boost)  
  72  5:29  Probe (Chrono Boost)  
  77  5:35  Probe  
  77  5:37  Probe x2  
  77  5:41  Void Ray  
  84  5:44  Assimilator  
  84  5:45  Void Ray  
  84  5:48  Assimilator, Probe  
  84  5:49  Probe  
  86  5:51  Fleet Beacon  
  86  5:52  Probe  
  86  5:54  Pylon  
  87  5:59  Shield Battery  
  87  6:00  Pylon, Probe  
  88  6:05  Probe x2  
  88  6:08  Stargate  
  90  6:12  Probe  
  90  6:17  Probe  
  92  6:25  Flux Vanes  
  100  6:27  Photon Cannon, Shield Battery  
  100  6:28  Void Ray  
  100  6:30  Void Ray (Chrono Boost)  
  100  6:46  Photon Cannon  
  100  6:48  Protoss Air Weapons Level 2 (Chrono Boost), Photon Cannon  
  104  7:03  Adept x2  
  104  7:07  Photon Cannon  
  108  7:09  Pylon  
  108  7:10  Void Ray (Chrono Boost), Photon Cannon, Shield Battery  
  108  7:20  Pylon  
  108  7:21  Pylon  
  107  7:28  Probe x2  
  117  7:33  Void Ray x2 (Chrono Boost)  
  117  7:41  Pylon  
  117  7:52  Void Ray (Chrono Boost)  
  117  7:54  Probe  
  117  7:56  Nexus  
  118  8:00  Photon Cannon  
  118  8:01  Shield Battery  
  118  8:03  Photon Cannon, Probe x2  
  118  8:05  Shield Battery  
  120  8:06  Probe  
  120  8:07  Pylon  
  120  8:08  Stargate  
  125  8:13  Void Ray (Chrono Boost)  
  125  8:15  Probe x2  
  125  8:18  Probe  
  128  8:20  Robotics Facility  
  128  8:22  Stalker x2  
  136  8:31  Void Ray (Chrono Boost)  
  136  8:35  Probe  
  136  8:37  Probe x2  
  136  8:39  Pylon  
  139  8:44  Void Ray (Chrono Boost)  
  139  8:45  Photon Cannon  
  139  8:47  Probe  
  140  8:54  Shield Battery  
  140  8:59  Probe x3  
  140  9:00  Void Ray (Chrono Boost)  
  140  9:02  Protoss Air Weapons Level 3 (Chrono Boost), Shield Battery  
  147  9:09  Sentry x2  
  151  9:15  Shield Battery  
  151  9:16  Pylon  
  151  9:17  Void Ray (Chrono Boost)  
  135  9:30  Pylon  
  130  9:38  Void Ray x2 (Chrono Boost)  
  142  9:42  Void Ray (Chrono Boost)  
  142  9:44  Stalker  
  124  9:56  Void Ray (Chrono Boost)  
  110  10:01  Stalker  
  110  10:04  Photon Cannon  
  100  10:18  Void Ray (Chrono Boost)  
  110  10:22  Void Ray (Chrono Boost), Stalker  
  110  10:25  Void Ray (Chrono Boost)  
  111  10:36  Void Ray (Chrono Boost)  
  111  10:45  Sentry, Zealot  
  111  10:48  Photon Cannon  
  111  10:49  Photon Cannon, Pylon  
  123  10:51  Photon Cannon  
  123  10:52  Void Ray (Chrono Boost), Shield Battery  
  123  10:54  Pylon  
  123  11:01  Void Ray (Chrono Boost)  
  115  11:09  Void Ray (Chrono Boost)  
  115  11:10  Nexus  
  123  11:13  Observer (Chrono Boost)  
  123  11:16  Void Ray (Chrono Boost)  
  127  11:27  Void Ray  
  127  11:29  Pylon  
  127  11:31  Nexus  
  131  11:37  Void Ray  
  135  11:52  Void Ray  
  135  11:54  Void Ray  
  139  12:00  Zealot  
  139  12:01  Zealot  
  143  12:02  Pylon  
  141  12:10  Void Ray, Pylon  
  141  12:11  Pylon  
  145  12:20  Void Ray  
  145  12:22  Pylon  
  149  12:34  Shield Battery  
  149  12:35  Void Ray  
  149  12:36  Shield Battery  
  153  12:37  Void Ray  
  149  12:49  Shield Battery  
  149  12:50  Shield Battery  
  149  12:51  Shield Battery  
  149  12:53  Void Ray  
  149  12:56  Nexus  
  149  12:57  Shield Battery  
  153  13:00  Pylon  
  153  13:03  Void Ray  
  149  13:11  Probe x2  
  149  13:12  Probe  
  152  13:19  Void Ray  
  160  13:20  Void Ray, Zealot x2  
  164  13:31  Nexus  
  151  13:55  Pylon  
Show
View Real Time Build Order
Export as new Build Order

SHIN Zerg - Winner!

Build Orders: Hatch First 

Get SALT Encoding   

  12  0:00  Drone  
  13  0:08  Drone  
  14  0:14  Extractor  
  14  0:15  Drone  
  15  0:22  Overlord  
  15  0:40  Drone  
  16  0:47  Hatchery  
  15  0:51  Drone  
  15  0:54  Drone  
  17  0:58  Drone  
  18  1:09  Extractor  
  17  1:13  Spawning Pool  
  17  1:16  Drone  
  17  1:20  Drone  
  18  1:27  Drone  
  19  1:37  Drone  
  20  1:48  Drone  
  21  1:59  Drone x2  
  21  2:00  Queen x2  
  27  2:09  Zergling x2, Overlord  
  27  2:12  Metabolic Boost  
  28  2:32  Drone x2  
  28  2:33  Drone, Hatchery  
  28  2:36  Drone  
  31  2:43  Queen  
  33  2:44  Zergling x2  
  33  2:48  Overlord  
  34  2:55  Drone x2  
  36  3:06  Queen  
  36  3:07  Overlord  
  36  3:12  Drone x4  
  42  3:18  Drone  
  43  3:22  Overlord  
  43  3:25  Queen  
  43  3:26  Drone  
  46  3:33  Spore Crawler  
  45  3:36  Drone x2  
  45  3:38  Drone  
  45  3:40  Drone  
  45  3:41  Drone x2  
  51  3:43  Queen  
  51  3:46  Overlord  
  51  3:48  Drone  
  54  3:51  Drone  
  54  3:52  Drone  
  54  3:55  Drone x2  
  58  4:00  Overlord  
  58  4:01  Overlord  
  58  4:10  Roach Warren  
  58  4:11  Drone  
  58  4:12  Extractor  
  58  4:15  Drone, Spore Crawler  
  58  4:16  Drone x2  
  59  4:19  Zergling x4  
  59  4:20  Zergling x2  
  59  4:24  Drone  
  63  4:25  Zergling x2  
  63  4:27  Lair  
  63  4:28  Drone  
  65  4:32  Drone x2  
  65  4:35  Drone  
  65  4:36  Drone x2  
  69  4:40  Drone  
  69  4:43  Drone x4  
  73  4:46  Drone  
  73  4:50  Drone  
  73  4:52  Extractor  
  74  4:53  Extractor, Drone x3  
  74  4:55  Drone  
  74  4:58  Queen  
  79  5:03  Drone x2  
  79  5:04  Drone  
  82  5:08  Overlord x2  
  82  5:11  Overlord  
  82  5:16  Extractor, Drone, Overlord  
  82  5:17  Extractor  
  82  5:19  Spore Crawler  
  82  5:20  Drone  
  82  5:21  Drone  
  81  5:27  Drone x2  
  81  5:28  Drone x2, Spire  
  82  5:29  Drone  
  82  5:33  Drone  
  82  5:34  Drone  
  82  5:35  Drone x4  
  88  5:37  Drone  
  91  5:45  Hatchery  
  91  5:48  Zergling x6  
  93  5:53  Zergling x6  
  96  5:58  Queen  
  96  6:01  Overlord  
  96  6:04  Zergling x12  
  104  6:11  Overlord  
  104  6:13  Overlord  
  103  6:18  Glial Reconstitution  
  103  6:25  Overlord  
  103  6:27  Queen x2  
  106  6:33  Spore Crawler, Queen  
  107  6:43  Corruptor x3, Overlord  
  112  6:47  Corruptor  
  112  6:52  Corruptor  
  112  6:53  Corruptor x5  
  126  7:01  Corruptor x2  
  125  7:03  Drone  
  128  7:12  Corruptor x2  
  132  7:17  Hatchery  
  132  7:22  Hatchery  
  130  7:24  Zerg Flyer Weapons Level 1  
  130  7:28  Drone  
  131  7:30  Baneling Nest  
  131  7:35  Nydus Network  
  131  7:36  Corruptor x3  
  132  7:41  Overlord  
  128  7:52  Corruptor x2  
  128  8:00  Corruptor x3  
  128  8:05  Drone x12  
  147  8:07  Pneumatized Carapace  
  147  8:16  Corruptor, Overlord  
  147  8:18  Zergling x2  
  149  8:23  Extractor  
  149  8:25  Extractor, Corruptor x2  
  151  8:32  Corruptor  
  147  8:35  Drone x2  
  147  8:37  Overlord x3  
  149  8:42  Corruptor  
  149  8:47  Zergling x26  
  164  8:54  Infestation Pit  
  163  8:58  Baneling x8  
  163  8:59  Baneling x4  
  163  9:08  Corruptor x2  
  167  9:13  Drone x3  
  168  9:17  Extractor  
  160  9:29  Corruptor  
  160  9:30  Corruptor x4  
  146  9:39  Zergling x18  
  147  9:51  Corruptor x4  
  153  9:54  Zergling x24  
  153  9:57  Drone  
  153  9:58  Queen x3  
  160  10:06  Corruptor x3  
  164  10:08  Zergling x2  
  164  10:09  Zergling x2  
  164  10:15  Drone  
  164  10:16  Drone x5  
  164  10:17  Queen  
  168  10:22  Corruptor x2  
  168  10:27  Evolution Chamber x2  
  168  10:31  Zerg Flyer Armor Level 1  
  168  10:34  Corruptor x2  
  166  10:44  Hive  
  166  10:45  Zergling x22  
  177  10:50  Hydralisk Den  
  177  10:56  Extractor  
  175  11:03  Corruptor x6  
  177  11:12  Zerg Missile Weapons Level 1  
  177  11:13  Zerg Ground Armor Level 1  
  177  11:20  Muscular Augments  
  177  11:23  Hatchery  
  177  11:24  Overlord  
  176  11:28  Spore Crawler  
  176  11:29  Corruptor x3  
  169  11:48  Overlord  
  169  11:52  Corruptor x7  
  183  12:06  Viper x2  
  174  12:23  Hatchery  
  179  12:33  Corruptor x7  
  180  12:44  Grooved Spines  
  180  12:52  Drone  
  180  12:53  Drone x7  
  188  13:07  Corruptor x6  
  200  13:16  Extractor  
  200  13:17  Extractor  
  195  13:30  Baneling x12  

Tags
 
Add a new tag
Caveats
  • Supply blocks, unpowered buildings, or Contaminate may cause inaccurate times.
  • Supply counts are checked every 10 seconds.